 Dungeon Crawl Stone Soup version 0.23.0 (webtiles) character file.

Game seed: 9972169844836548579

24476 Gearfox the Peltast (level 12, -5/108 HPs)
             Began as a Minotaur Berserker on Feb 10, 2019.
             Was a High Priest of Trog.
             Killed by divine providence
             ... invoked by a meliai
              (10 damage)
             ... on level 14 of the Dungeon.
             The game lasted 00:54:40 (17304 turns).

Gearfox the Peltast (Minotaur Berserker)           Turns: 17304, Time: 00:54:41

Health: -5/108     AC: 23    Str: 31    XL:     12   Next: 81%
Magic:  11/11      EV:  9    Int:  4    God:    Trog [*****.]
Gold:   420        SH: 18    Dex: 11    Spells: 11/11 levels left

rFire    . . .     SeeInvis +   r - +2 falchion (slice)
rCold    . . .     Gourm    .   i - +0 shield
rNeg     . . .     Faith    .   a - +0 plate armour
rPois    .         Spirit   .   (helmet restricted)
rElec    .         Reflect  +   h - +2 cloak
rCorr    .         Harm     .   v - +2 pair of gloves
MR       .....                  s - +0 pair of boots
Stlth    ..........             j - +3 amulet of reflection
HPRegen  0.28/turn              y - +5 ring of strength
MPRegen  0.12/turn              q - ring of see invisible

@: berserk cooldown, slowed, very slow
A: retaliatory headbutt, horns 2
a: Berserk, Trog's Hand, Brothers in Arms, Renounce Religion


You were on level 14 of the Dungeon.
You worshipped Trog.
Trog was extremely pleased with you.
You were very hungry.

You visited 1 branch of the dungeon, and saw 14 of its levels.

You collected 829 gold pieces.
You spent 409 gold pieces at shops.

Inventory:

Hand Weapons
 r - a +2 falchion of slicing (weapon)
 x - a +2 rapier of venom
 M - a +0 great sword of flaming
 N - a +0 scimitar of flaming
 R - a +0 falchion of distortion
Missiles
 g - 266 stones (quivered)
Armour
 a - a +0 plate armour (worn)
 h - a +2 cloak (worn)
 i - a +0 shield (worn)
 s - a +0 pair of boots (worn)
 v - a +2 pair of gloves (worn)
 z - a +2 scale mail of fire resistance
Jewellery
 j - a +3 amulet of reflection (around neck)
 l - an uncursed ring of protection from magic
 q - a ring of see invisible (right hand)
 y - a +5 ring of strength (left hand)
Wands
 f - a wand of acid (11)
 C - a wand of flame (16)
 D - a wand of disintegration (4)
 E - a wand of iceblast (9)
 F - a wand of digging (9)
 H - a wand of polymorph (21)
 L - a wand of paralysis (23)
 S - a wand of scattershot (3)
Scrolls
 b - 10 scrolls of remove curse
 d - 2 scrolls of teleportation
 m - 3 scrolls of magic mapping
 u - 2 scrolls of blinking
 A - 2 scrolls of fear
 J - 4 scrolls of identify
 O - a scroll of fog
 Q - a scroll of enchant weapon {unknown}
Potions
 e - 2 potions of flight
 k - a potion of haste
 n - a potion of magic
 o - 3 potions of ambrosia
 p - a potion of might
 t - 2 potions of heal wounds
 w - 2 potions of resistance
 G - 2 potions of cancellation
 I - 4 potions of curing
 K - a potion of brilliance
 P - a potion of agility
Miscellaneous
 B - a box of beasts
Comestibles
 c - 23 rations


   Skills:
 + Level 10.6 Fighting
 - Level 2.2(8.8) Short Blades
 - Level 13.9(14.0) Long Blades
   Level 4.4 Axes
 * Level 10.7 Armour
 - Level 2.3 Dodging
 - Level 15.0 Shields


You had 11 spell levels left.
You didn't know any spells.
Your spell library was empty.

Dungeon Overview and Level Annotations

Branches:
Dungeon (14/15)            Temple (0/1) D:6            Lair (0/6) D:9
    Orc (0/2) D:9          Vaults (0/5) D:13

Altars:
Cheibriados
Dithmenos
Makhleb
Qazlal
Wu Jian
Zin
The Shining One

Shops:
D:4 *%[   D:6 ?   D:9 !=   D:13 *?(*(

Portals:
Trove: D:10 (give +4 demon whip)


Innate Abilities, Weirdness & Mutations

You reflexively headbutt those who attack you in melee.
You have a pair of horns on your head.


Message History

The meliai stings you but does no damage.
You feel much better. You block the meliai's attack. x2
The meliai hits you but does no damage. You block the meliai's attack.
The meliai calls down the wrath of its god upon you.
Something smites you!
The brown ugly thing basks in the mutagenic energy from its kin and changes!
The meliai hits you but does no damage. The meliai barely misses you.
The brown ugly thing bites you but does no damage.
The meliai calls down the wrath of its god upon you.
Something smites you!
* * * LOW HITPOINT WARNING * * *
You block the meliai's attack.
The meliai stings you but does no damage.
You block the brown ugly thing's attack.
The meliai invokes the aid of its god against you.
Something smites you!
* * * LOW HITPOINT WARNING * * *
The meliai calls down the wrath of its god upon you.
Something smites you!
You die...

#uu.u.## #.##.# #.... #
#####)#####..#.# #.... #.
#.............# ##...#
#..####.##.a.......####...##
#.....#.###u................
#......# #.........##.#.#..
#......###yu....>..##......
#....#.)...............#...
#....####.@.......^........
#.... #....................
#.......##..###..##....(...
#....#####..###.#####......
#... #.......####....(## #
#...####......#....
....#.#......#..####...
.........#.....## ##..
..$...##.#<##### #..


You could see 2 ugly things, a meliai and a worker ant.

Vanquished Creatures
  Snorg (D:11)
  A centaur warrior (D:14)
  A two-headed ogre (D:13)
  3 wolf spider zombies
  7 ugly things
  Joseph (D:10)
  An elephant (D:9)
  Maurice (D:8)
  Psyche (D:8)
  A gargoyle (D:12)
  2 trolls
  2 meliai (D:14)
  3 slime creatures (D:13)
  A hornet (D:11)
  A raiju (shapeshifter) (D:13)
  A hippogriff (D:13)
  A yak (shapeshifter) (D:14)
  2 wyverns
  2 wraiths
  A basilisk (shapeshifter) (D:14)
  A basilisk (D:9)
  12 yaks
  A hungry ghost (D:11)
  A golden eye (shapeshifter) (D:13)
  3 vampire mosquitoes
  Duvessa (D:7)
  A soldier ant (D:13)
  A water moccasin (D:5)
  A floating eye (shapeshifter) (D:13)
  5 ice beasts
  3 black bears
  7 orc warriors
  3 sky beasts
  An eye of draining (D:9)
  17 ogres
  A necrophage (D:5)
  5 phantoms
  6 centaurs
  2 crocodiles
  A big kobold (D:9)
  5 bullfrogs
  2 wyvern skeletons
  7 scorpions
  Dowan (D:7)
  24 killer bees
  A wight (D:12)
  6 howler monkeys
  A crimson imp (D:7)
  3 centaur zombies
  3 quasits
  4 jellies
  4 hounds
  3 iguanas
  9 orc priests
  3 bullfrog skeletons
  3 centaur skeletons
  16 worker ants
  15 orc wizards
  A hound zombie (D:8)
  A howler monkey zombie (D:5)
  4 gnolls (D:9)
  17 adders
  2 shadow imps (D:9)
  An ooze (D:5)
  2 dart slugs
  6 leopard geckos
  54 orcs
  6 giant cockroaches
  6 goblins
  10 hobgoblins
  4 jackals (D:5)
  5 quokkas
  A ball python (D:5)
  11 bats
  4 frilled lizards
  2 jackal skeletons
  12 kobolds
  A leopard gecko skeleton (D:7)
  A quokka zombie (D:6)
  8 rats
  2 butterflies (D:12)
  A fungus (D:9)
379 creatures vanquished.

Vanquished Creatures (collateral kills)
  Josephine (D:13)
  A queen bee (D:10)
  A troll (D:13)
  A hornet (D:13)
  4 wraiths (D:13)
  A crocodile (D:13)
  8 killer bees (D:10)
  2 wights (D:13)
  A worker ant (D:13)
20 creatures vanquished.

Vanquished Creatures (others)
  Erica (D:10)
  An eye of draining (D:14)
  2 centaurs
  A bullfrog (D:14)
  A killer bee (D:8)
  2 jellies (D:14)
  An orc (D:9)
  2 kobolds (D:9)
  A fungus (D:9)
12 creatures vanquished.

Grand Total: 411 creatures vanquished

Notes
Turn   | Place    | Note
-------+----------+-------------------------------------------
     0 | D:1      | Gearfox the Minotaur Berserker began the quest for the Orb.
     0 | D:1      | Reached XP level 1. HP: 19/19 MP: 0/0
   533 | D:1      | Reached XP level 2. HP: 22/27 MP: 1/1
  1175 | D:2      | Reached XP level 3. HP: 30/33 MP: 2/2
  1575 | D:2      | Reached ** piety under Trog
  1575 | D:2      | Reached skill level 1 in Long Blades
  1709 | D:2      | Found an ornate altar of the Wu Jian Council.
  1914 | D:2      | Reached skill level 1 in Shields
  1914 | D:2      | Reached XP level 4. HP: 41/41 MP: 3/3
  2091 | D:2      | Found a faded altar of an unknown god.
  2429 | D:3      | HP: 2/41 [poisoned by an orc]
  2437 | D:3      | HP: 1/41 [poisoned by an orc]
  2805 | D:3      | Reached XP level 5. HP: 38/47 MP: 4/4
  2846 | D:3      | Found a glowing golden altar of the Shining One.
  3526 | D:4      | Reached skill level 2 in Shields
  3718 | D:4      | Found Ceillaen's Food Shop.
  3856 | D:4      | Noticed a phantom
  3882 | D:4      | Killed a phantom
  3882 | D:4      | Reached skill level 5 in Fighting
  3882 | D:4      | Reached skill level 3 in Shields
  3882 | D:4      | Reached XP level 6. HP: 56/56 MP: 5/5
  3963 | D:4      | Found Gaonnoaj's General Store.
  3972 | D:4      | Bought a scroll of identify for 22 gold pieces
  4162 | D:4      | Reached skill level 5 in Long Blades
  4337 | D:4      | Found Kerph's Armour Shoppe.
  4598 | D:5      | Entered Level 5 of the Dungeon
  4607 | D:5      | Reached XP level 7. HP: 61/61 MP: 6/6
  4669 | D:5      | Found a shadowy altar of Dithmenos.
  4679 | D:5      | Reached skill level 4 in Shields
  4888 | D:5      | Reached *** piety under Trog
  5130 | D:5      | Reached skill level 5 in Shields
  5329 | D:5      | Reached XP level 8. HP: 69/69 MP: 7/7
  5873 | D:6      | Reached skill level 6 in Shields
  5992 | D:6      | Reached skill level 7 in Shields
  6142 | D:6      | Found a staircase to the Ecumenical Temple.
  6231 | D:6      | You fall through a shaft!
  6260 | D:8      | Reached skill level 8 in Shields
  6285 | D:7      | Reached XP level 9. HP: 52/77 MP: 8/8
  6596 | D:8      | Reached skill level 9 in Shields
  6882 | D:7      | Noticed Duvessa
  6883 | D:7      | Noticed Dowan
  6898 | D:7      | Killed Dowan
  6905 | D:7      | Killed Duvessa
  7163 | D:6      | Found Qismu's Magic Scroll Emporium.
  7174 | D:6      | Bought a scroll of identify for 24 gold pieces
  7408 | D:7      | Reached **** piety under Trog
  7590 | D:7      | Found a stormy altar of Qazlal.
  7591 | D:7      | Found a burning altar of Makhleb.
  7591 | D:7      | Found a snail-covered altar of Cheibriados.
  7593 | D:7      | Found a glowing silver altar of Zin.
  7854 | D:8      | Reached skill level 1 in Short Blades
  7854 | D:8      | Reached skill level 10 in Long Blades
  7854 | D:8      | Reached skill level 10 in Shields
  8127 | D:8      | Noticed Psyche
  8136 | D:8      | Killed Psyche
  8136 | D:8      | Reached skill level 11 in Shields
  8290 | D:9      | Reached XP level 10. HP: 43/86 MP: 9/9
  8715 | D:8      | Noticed Maurice
  8732 | D:8      | Killed Maurice
  9306 | D:9      | Found a staircase to the Orcish Mines.
  9373 | D:9      | Reached skill level 12 in Shields
  9392 | D:9      | Found a staircase to the Lair.
  9392 | D:9      | Noticed an elephant
  9421 | D:9      | Killed an elephant
  9515 | D:9      | Found Zuityseqo's Distillery.
  9569 | D:9      | Bought 2 potions of curing for 96 gold pieces
  9569 | D:9      | Bought a potion of curing for 48 gold pieces
  9569 | D:9      | Bought a potion of heal wounds for 80 gold pieces
  9569 | D:9      | Bought a potion of curing for 48 gold pieces
  9591 | D:9      | Found Niuleism's Jewellery Shoppe.
  9727 | D:9      | Reached skill level 13 in Shields
 10298 | D:10     | Entered Level 10 of the Dungeon
 10519 | D:10     | Noticed Erica
 10521 | D:10     | Noticed Joseph
 10534 | D:10     | Killed Erica
 10544 | D:10     | Killed Joseph
 10548 | D:10     | Reached XP level 11. HP: 46/94 MP: 10/10
 10935 | D:10     | Reached ***** piety under Trog
 11039 | D:10     | Found a portal to a secret trove of treasure.
 11180 | D:10     | Reached skill level 14 in Shields
 12544 | D:11     | Noticed Snorg
 12562 | D:11     | Killed Snorg
 12562 | D:11     | Reached skill level 15 in Shields
 12568 | D:11     | ::
 12568 | D:11     | :::
 13441 | D:12     | Found a runed translucent door.
 13443 | D:12     | Found a runed translucent door.
 13497 | D:12     | Received a gift from Trog
 14464 | D:13     | Noticed a green ugly thing
 14506 | D:13     | Killed a green ugly thing
 14661 | D:13     | Reached XP level 12. HP: 103/103 MP: 11/11
 14684 | D:13     | Reached skill level 5 in Armour
 14685 | D:13     | Found Ukolai Core's Magic Scroll Shoppe.
 14931 | D:13     | Found Zuumed's General Store.
 15525 | D:13     | Found Tyki's General Store.
 15548 | D:13     | Noticed a two-headed ogre
 15564 | D:13     | Killed a two-headed ogre
 15573 | D:13     | Noticed Josephine
 15592 | D:13     | Killed Josephine
 15873 | D:13     | Bought 2 scrolls of identify for 52 gold pieces
 15873 | D:13     | Bought a potion of curing for 39 gold pieces
 15879 | D:13     | Found Meath's Weapon Emporium.
 15939 | D:13     | Found a gate to the Vaults.
 15998 | D:13     | Found Luz Miho's Weapon Shop.
 16495 | D:14     | Reached skill level 10 in Fighting
 16917 | D:14     | Noticed a centaur warrior
 16929 | D:14     | Killed a centaur warrior
 16929 | D:14     | Reached skill level 10 in Armour
 17304 | D:14     | HP: 5/108 [meliai/divine providence (15)]
 17304 | D:14     | Killed from afar by a meliai

Skill      XL: |  1  2  3  4  5  6  7  8  9 10 11 12 |
---------------+-------------------------------------+-----
Fighting       | 4 5 6 7 8 10 | 10.6
Axes           | 4 |  4.4
Long Blades    | 1 2 4 6 7 9 10 11 13 | 13.9
Shields        | 1 3 5 8 11 13 15 | 15.0
Armour         | 3 4 10 | 10.7
Short Blades   | 2 |  2.2
Dodging        | |  2.3

Action                   |  1- 3 |  4- 6 |  7- 9 | 10-12 || total
-------------------------+-------+-------+-------+-------++-------
Melee: Hand axe          |    39 |       |       |       ||    39
       Headbutt          |    14 |    22 |    80 |   235 ||   351
       Long sword        |    42 |   141 |    95 |       ||   278
       Falchion          |       |       |   198 |   839 ||  1037
       Rapier            |       |       |    18 |       ||    18
Invok: Berserk           |       |     2 |     4 |     6 ||    12
       Trog's Hand       |       |     1 |     1 |     2 ||     4
       Brothers in Arms  |       |       |       |     3 ||     3
Evoke: Wand              |       |       |       |     1 ||     1
  Use: Scroll            |     7 |     6 |     8 |    12 ||    33
       Potion            |       |     1 |       |     9 ||    10
  Eat: Chunk             |     3 |     8 |     6 |    13 ||    30
       Ration            |       |     1 |     3 |     6 ||    10
Armor: Animal skin       |     5 |       |       |       ||     5
       Scale mail        |     4 |    53 |    83 |       ||   140
       Plate armour      |       |       |    58 |   371 ||   429
       Skin              |       |       |       |     7 ||     7
Dodge: Dodged            |    54 |    47 |    93 |   198 ||   392
Block: Shield            |     8 |    69 |   254 |   705 ||  1036
       Reflection        |       |       |     6 |    34 ||    40
       Rpst.: Long sword |     8 |    12 |     7 |       ||    27
       Falchion          |       |       |    15 |    42 ||    57
